cohdb
Replays
Latest Replays
All Replays
Popular Replays
Top Player Replays
Match Explorer
How It Works
Community
CoH3 Stats
Reddit
Sign in to upload your games and track your stats! →
Sign in with Steam
Match 25390651
Unlisted
Match 25390651
Overview
Messages
Build Orders
End
Construct Section Command Post
Dingo Light Scout Car
Vickers Machine Gun Team
Infantry Section
Infantry Section
Selects Indian Artillery Battlegroup
Selects Towed ML 4.2-inch Heavy Mortar
Towed ML 4.2-inch Heavy Mortar
Construct Platoon Command Post
6-pounder Anti-tank Gun Team
Selects Valour
Humber Armored Car
Grenade Package
Selects Gurkha Rifles Section
Gurkha Rifles Section
Construct Company Command Post
Matilda II Heavy Tank
Piros
Eber
Tzeh
Apache
(B)urn (L)oot (M)urder
Folscher
0
0
Comments
sign in to comment!
No comments posted yet!